 Dungeon Crawl Stone Soup version 0.30-a0-168-g0b976cbdc4 (webtiles) character file.

Game seed: 6230949498946711786

155 qw the Chopper (level 5, -2/32 HPs)
             Began as a Gargoyle Fighter on Sept 29, 2022.
             Slain by a tarantella (glowing shapeshifter) (10 damage)
             ... on level 3 of the Dungeon.
             The game lasted 00:00:57 (2827 turns).

qw the Chopper (Gargoyle Fighter)                   Turns: 2827, Time: 00:00:58

Health: -2/32      AC: 14    Str: 21    XL:     5   Next: 37%
Magic:  5/5        EV:  9    Int:  9    God:
Gold:   149        SH:  0    Dex:  9    Spells: 4/4 levels left

rFire   . . .      SeeInvis .    Y - +0 war axe (chaos)
rCold   . . .      Faith    .    c - +0 buckler
rNeg    + . .      Spirit   .    b - +0 scale mail
rPois   inf        Reflect  .    (no helmet)
rElec   +          Harm     .    (no cloak)
rCorr   .          Rampage  .    k - +0 pair of gloves
Will    +....                    e - +1 pair of boots
Stlth   ..........               j - amulet of the acrobat
HPRegen 0.10/turn                g - ring of willpower
MPRegen 0.09/turn                (no ring)

@: confused
A: sickness immunity, AC +4, negative energy resistance 1, electricity
resistance, torment resistance 1, petrification resistance
a: no special abilities


You were on level 3 of the Dungeon.
You visited 1 branch of the dungeon, and saw 3 of its levels.

You collected 149 gold pieces.


Innate Abilities, Weirdness & Mutations

You are immune to sickness and miasma.
Your stone body is resilient. (AC +4)
You are immune to poison.
You resist negative energy. (rN+)
You are resistant to electric shocks. (rElec)
You are resistant to unholy torment.
You are immune to petrification.


   Skills:
 - Level 3.2 Fighting
 + Level 4.9 Axes
 - Level 3.2 Armour
 - Level 3.2 Shields


You had 4 spell levels left.
You didn't know any spells.
Your spell library was empty.

Inventory:

Hand Weapons
 q - a +0 flail
 Y - a +0 war axe of chaos (weapon)
Missiles
 i - 4 boomerangs (quivered)
Armour
 b - a +0 scale mail (worn)
 c - a +0 buckler (worn)
 e - a +1 pair of boots (worn)
 k - a +0 pair of gloves (worn)
Jewellery
 g - a ring of willpower (left hand)
 j - an amulet of the acrobat (around neck)
Scrolls
 a - 6 scrolls of identify
 m - a scroll of silence {unknown}
Potions
 d - 2 potions of might
 f - a potion of cancellation
 n - a potion of haste

Dungeon Overview and Level Annotations

Branches:
Dungeon (3/15)

Altars:
Uskayaw


Message History

You closely miss the cane toad. The cane toad barely misses you.
The cane toad stings you but does no damage.
You barely miss the cane toad.
The cane toad stings you but does no damage.
You hit the cane toad.
The cane toad is poisoned.
The cane toad is lightly wounded.
The cane toad changes into a hog!
You barely miss the hog.
The hog changes into a rime drake!
You barely miss the rime drake.
The rime drake changes into a troll!
You closely miss the troll.
The troll changes into a tarantella!
You barely miss the tarantella. The tarantella closely misses you.
You miss the tarantella.
The tarantella touches you but does no damage. x2
You closely miss the tarantella. The tarantella barely misses you.
You block the tarantella's attack.
You hit the tarantella but do no damage.
Lightning courses through the tarantella!
The tarantella is heavily wounded.
The tarantella touches you!
You are confused.
The tarantella touches you but does no damage.
2824 ||| DRINKING potion of curing.
You feel better.
2824 ||| (to cure confusion)
The tarantella closely misses you. The tarantella completely misses you.
You completely miss the tarantella.
The tarantella is heavily wounded.
The tarantella touches you!
You are confused.
The tarantella touches you but does no damage.
You bump into the rock wall.
The tarantella touches you!
You miss the tarantella.
The tarantella is heavily wounded.
The tarantella touches you!
You die...

#.##......##.#...................
#. #....#.#.#........8.......8...
#.##.......#.....................
.. ##.#.#.#......................
#...........######### .......
..#.#####.## ###.#.# ####. #..##
####.#. # ##.#....# #....##
#@#....# #....# ###'s....##
#....### ..........####.....#
........:....#......
.............)......
#.............##....#
######.........#....#
#.......#.#...## #######.#..>###


You could see a tarantella shaped shifter.

Vanquished Creatures
  A hound (D:3)
  7 adders
  A dart slug (D:1)
  9 bats
  5 endoplasms
  2 giant cockroaches (D:2)
  7 goblins
  A hobgoblin (D:1)
  8 jackals
  6 kobolds
  2 quokkas
  2 ball pythons
  4 frilled lizards
  5 rats
60 creatures vanquished.

Notes
Turn   | Place    | Note
-------+----------+-------------------------------------------
     0 | D:1      | qw the Gargoyle Fighter began the quest for the Orb.
     0 | D:1      | Reached XP level 1. HP: 14/14 MP: 1/1
     0 | D:1      | 0 ||| qw: Version: 0.2-a-12-gaebbb33
     0 | D:1      | 0 ||| qw: Game counter: 1244
     0 | D:1      | 0 ||| qw: Always use a shield: true
     0 | D:1      | 0 ||| qw: God list: Okawaru
     0 | D:1      | 0 ||| qw: Allow faded altars: false
     0 | D:1      | 0 ||| qw: Do Orc after D:15 true
     0 | D:1      | 0 ||| qw: Do second Lair branch before Depths: true
     0 | D:1      | 0 ||| qw: Lair rune preference: random
     0 | D:1      | 0 ||| qw: Plans: Normal, Zot:1-4, God:TSO, Crypt, Tomb,
                  | Pan, Slime:5, Hells, Abyss, Orb
     0 | D:1      | 0 ||| PLANNING D:1-11
   150 | D:1      | 150 ||| Stepping ~*~*~tactically~*~*~ (hiding).
   156 | D:1      | Reached skill level 2 in Axes
   302 | D:1      | 302 ||| Stepping ~*~*~tactically~*~*~ (stealth).
   305 | D:1      | Reached XP level 2. HP: 19/19 MP: 2/2
   308 | D:1      | 308 ||| Stepping ~*~*~tactically~*~*~ (stealth).
   392 | D:1      | 392 ||| Stepping ~*~*~tactically~*~*~ (stealth).
   395 | D:1      | 395 ||| Stepping ~*~*~tactically~*~*~ (stealth).
   428 | D:1      | 428 ||| Stepping ~*~*~tactically~*~*~ (stealth).
   680 | D:1      | Reached skill level 3 in Axes
   843 | D:1      | Reached XP level 3. HP: 23/23 MP: 3/3
   922 | D:1      | 922 ||| Stepping ~*~*~tactically~*~*~ (stealth).
   936 | D:1      | 936 ||| Stepping ~*~*~tactically~*~*~ (stealth).
  1212 | D:1      | 1212 ||| UPGRADING to +0 pair of gloves.
  1217 | D:1      | 1217 ||| UPGRADING to ring of willpower.
  1218 | D:1      | 1218 ||| READING 6 scrolls labelled YROEDOBROR.
  1219 | D:1      | 1219 ||| READING scroll labelled KOSMIT MYWI.
  1220 | D:1      | 1220 ||| READING scroll labelled VITOYCW HAXOIS.
  1221 | D:1      | 1221 ||| READING 3 scrolls labelled NENYEMAAMAPS.
  1224 | D:1      | 1224 ||| DRINKING 2 sedimented emerald potions.
  1301 | D:2      | Found a faded altar of an unknown god.
  1341 | D:2      | 1341 ||| Stepping ~*~*~tactically~*~*~ (stealth).
  1351 | D:2      | 1351 ||| DROPPING +0 club.
  1546 | D:2      | Reached XP level 4. HP: 18/28 MP: 4/4
  1731 | D:2      | Reached skill level 4 in Axes
  2033 | D:2      | 2033 ||| UPGRADING to +1 pair of boots.
  2038 | D:2      | 2038 ||| UPGRADING to amulet of the acrobat.
  2043 | D:2      | 2043 ||| READING scroll labelled PABIAHUTRILL.
  2095 | D:2      | 2095 ||| READING scroll labelled JASEGI SUCETZ.
  2096 | D:2      | 2096 ||| READING 7 scrolls of identify.
  2096 | D:2      | 2096 ||| IDENTIFYING bubbling red potion
  2097 | D:2      | 2097 ||| READING 6 scrolls of identify.
  2097 | D:2      | 2097 ||| IDENTIFYING sedimented dark potion
  2098 | D:2      | 2098 ||| READING 5 scrolls of identify.
  2098 | D:2      | 2098 ||| IDENTIFYING metallic red potion
  2325 | D:3      | 2325 ||| DROPPING +0 whip.
  2369 | D:3      | 2369 ||| Stepping ~*~*~tactically~*~*~ (stealth).
  2387 | D:3      | 2387 ||| DROPPING +4 mace.
  2392 | D:3      | an adder changed into a glowing shapeshifter
  2392 | D:3      | Noticed a glowing shapeshifter (glowing shapeshifter)
  2392 | D:3      | a glowing shapeshifter changed into a torpor snail
  2392 | D:3      | Noticed a torpor snail (glowing shapeshifter)
  2393 | D:3      | Reached XP level 5. HP: 31/32 MP: 5/5
  2393 | D:3      | a torpor snail changed into a merfolk
  2393 | D:3      | Noticed a merfolk (glowing shapeshifter)
  2394 | D:3      | a merfolk changed into a faun
  2394 | D:3      | Noticed a faun (glowing shapeshifter)
  2396 | D:3      | a faun changed into a manticore
  2396 | D:3      | Noticed a manticore (glowing shapeshifter)
  2397 | D:3      | HP: 6/32 [manticore (glowing shapeshifter) (16)]
  2398 | D:3      | 2398 ||| READING 2 scrolls of teleportation.
  2399 | D:3      | 2399 ||| DRINKING potion of heal wounds.
  2399 | D:3      | a manticore changed into a water nymph
  2399 | D:3      | Noticed a water nymph (glowing shapeshifter)
  2402 | D:3      | a water nymph changed into a swamp dragon
  2402 | D:3      | Noticed a swamp dragon (glowing shapeshifter)
  2404 | D:3      | HP: 5/32 [swamp dragon (glowing shapeshifter) (8)]
  2404 | D:3      | HP: 2/32 [swamp dragon (glowing shapeshifter) (3)]
  2405 | D:3      | 2405 ||| READING scroll of teleportation.
  2405 | D:3      | a swamp dragon changed into a dream sheep
  2405 | D:3      | Noticed a dream sheep (glowing shapeshifter)
  2407 | D:3      | a dream sheep changed into a water nymph
  2407 | D:3      | Noticed a water nymph (glowing shapeshifter)
  2681 | D:3      | Found a hide-covered altar of Uskayaw.
  2808 | D:3      | Noticed a black mamba
  2810 | D:3      | a black mamba changed into a fire crab
  2810 | D:3      | Noticed a fire crab (glowing shapeshifter)
  2810 | D:3      | a fire crab changed into a cane toad
  2810 | D:3      | Noticed a cane toad (glowing shapeshifter)
  2816 | D:3      | a cane toad changed into a hog
  2816 | D:3      | Noticed a hog (glowing shapeshifter)
  2817 | D:3      | a hog changed into a rime drake
  2817 | D:3      | Noticed a rime drake (glowing shapeshifter)
  2818 | D:3      | a rime drake changed into a troll
  2818 | D:3      | Noticed a troll (glowing shapeshifter)
  2819 | D:3      | a troll changed into a tarantella
  2819 | D:3      | Noticed a tarantella (glowing shapeshifter)
  2824 | D:3      | 2824 ||| DRINKING potion of curing.
  2824 | D:3      | 2824 ||| (to cure confusion)
  2826 | D:3      | HP: 8/32 [tarantella (glowing shapeshifter) (14)]
  2827 | D:3      | Slain by a tarantella (glowing shapeshifter)

Levels and vault maps discovered:
D:1:      minmay_arrival_plants_in_alcoves, layout_loops_ring, st_stairs_12,
          minmay_domino_4
D:2:      layout_rooms, dreamdust_ecumenical_altar_grove, serial_glass,
          glass_columns_c, glass_columns_c
D:3:      wad_pebble_path, layout_basic, minitemple,
          mainiacjoe_overflow_tiny_flanked, serial_shops, nicolae_diamond_shop

Skill      XL: |  1  2  3  4 |
---------------+-------------+-----
Axes           | 2 3 4 |  4.9
Fighting       | |  3.2
Armour         | |  3.2
Shields        | |  3.2

Action                   |  1- 3 |  4- 6 || total
-------------------------+-------+-------++-------
Melee: War axe           |    91 |    96 ||   187
Throw: Boomerang         |       |    14 ||    14
  Use: Scroll            |     4 |     7 ||    11
       Potion            |     1 |     2 ||     3
Armor: Scale mail        |    52 |    35 ||    87
Dodge: Dodged            |    49 |    47 ||    96
Block: Buckler           |    20 |    20 ||    40

Table legend:
 A = Non-vault XP
 B = Vault XP
 C = Vault XP percentage of total XP
 D = Non-vault monster count
 E = Vault monster count
 F = Vault count percentage of total count
                 A         B        C        D         E       F
            +---------+---------+-------+---------+---------+-------
      Total |     218 |       4 |   1.8 |      57 |       3 |   5.0
            +---------+---------+-------+---------+---------+-------
        D:1 |      38 |       4 |   9.5 |      20 |       3 |  13.0
        D:2 |      84 |       0 |   0.0 |      23 |       0 |   0.0
        D:3 |      96 |       0 |   0.0 |      14 |       0 |   0.0
            +---------+---------+-------+---------+---------+-------
